 Dungeon Sprint DCSS version 0.22-a0-362-g535178c (webtiles) character file.

9214 erloom the Slayer (level 11, 0/190 HPs)
             Began as a Minotaur Berserker on Apr 20, 2018.
             Was the Champion of Trog.
             Slain by a demonic crawler (5 damage)
             ... in the Dungeon (Sprint I: "Red Sonja").
             The game lasted 00:07:12 (1782 turns).

erloom the Slayer (Minotaur Berserker)              Turns: 1782, Time: 00:07:13

Health: 0/190      AC:  7    Str: 28    XL:     11   Next: 20%
Magic:  6/6        EV: 18    Int:  6    God:    Trog [******]
Gold:   399        SH:  0    Dex: 10    Spells: 10/10 levels left

rFire    . . .     SeeInvis .   h - +8 battleaxe (antimagic)
rCold    . . .     Gourm    .   (shield currently unavailable)
rNeg     . . .     Faith    .   k - +1 leather armour {rPois}
rPois    +         Spirit   .   (helmet restricted)
rElec    .         Reflect  .   (no cloak)
rCorr    .         Harm     .   (no gloves)
MR       .....     NoTele   +   (no boots)
Stlth    ..........             (no amulet)
HPRegen  0.00/turn              r - ring of magical power
MPRegen  0.10/turn              (no ring)

@: berserking (expiring), very quick
A: retaliatory headbutt, claws 1, horns 2, thin metallic scales 1, blink, blurry
vision 2, clever 1, screaming 1, inhibited regeneration, weak 1
a: Blink, Berserk, Trog's Hand, Brothers in Arms, Renounce Religion


You were in the Dungeon.
You worshipped Trog.
Trog was exalted by your worship.
You were near starving.

You visited 1 branch You collected 1059 gold pieces.
You spent 660 gold pieces at shops.

Inventory:

Hand Weapons
 a - a +0 hand axe
 e - a +3 war axe of chopping
 h - a +8 antimagic battleaxe (weapon)
Armour
 b - a +0 animal skin
 k - a +1 leather armour of poison resistance (worn)
Jewellery
 r - a ring of magical power (left claw)
Wands
 j - a wand of random effects (22)
 l - a wand of iceblast (14)
Scrolls
 i - a scroll of blinking
 m - a scroll of identify {unknown}
 p - a scroll of silence {unknown}
 q - a scroll of fear {unknown}
Potions
 c - a potion of agility
 d - 4 potions of curing
 f - a potion of haste
 g - 2 potions of magic
 n - a potion of cancellation
Comestibles
 o - a ration


   Skills:
 + Level 21.2 Fighting
 - Level 11.0 Axes
 + Level 14.6 Armour
 + Level 13.5 Dodging


You had 10 spell levels left.
You didn't know any spells.

Dungeon Overview and Level Annotations

Branches:
Dungeon (1/1)

Altars:
Cheibriados
Dithmenos
Elyvilon
Fedhas
Gozag
Hepliaklqana
Kikubaaqudgha
Makhleb
Nemelex Xobeh
Okawaru
Qazlal
Ru
Sif Muna
Trog
Uskayaw
Vehumet
Wu Jian
Xom
Yredelemnul
Zin
The Shining One
Jiyva
Lugonu

Shops:
D !:[


Innate Abilities, Weirdness & Mutations

You reflexively headbutt those who attack you in melee.
You have a pair of horns on your head.
You have sharp fingernails.
You are partially covered in thin metallic scales. (AC +2)
You can translocate small distances at will.
Scrolls take you longer to read.
Your mind is acute. (Int +2)
You occasionally shout uncontrollably at your foes.
You do not regenerate when monsters are visible.
You are weak. (Str -2)


Message History

Unknown command.
You hit the demonic crawler.
The demonic crawler is heavily wounded.
You hit the demonic crawler but do no damage.
The demonic crawler hits you!
* * * LOW HITPOINT WARNING * * *
The demonic crawler completely misses you.
The demonic crawler hits you but does no damage.
The demonic crawler completely misses you.
The demonic crawler closely misses you. The demonic crawler barely misses you.
Unknown command.
The demonic crawler hits you but does no damage.
The demonic crawler hits you.
* * * LOW HITPOINT WARNING * * *
The demonic crawler barely misses you.
You barely miss the demonic crawler. You headbutt the demonic crawler!
The demonic crawler is almost dead.
You slice the demonic crawler!! The demonic crawler misses you.
The demonic crawler hits you.
You die...

###################
..#..'..#__#..')..#
..').#..'..'..#).s##+#
#'#####'#__####.@ss..#
..#...#.####(§#####..+
###..##(#§§§).#..# ##
__##'#_.'≈≈§.§§†.#
...'..._#≈≈≈§§#.§#
__##_.#'##'#####§###
__###)#.#...(###.§.#
#####.####+###.###.#
...'...'.....'.∩##.#


You could see 3 demonic crawlers.

Vanquished Creatures
  2 centaur warriors (D)
  Sonja (D)
  A deep troll (D)
  2 unseen horrors (D)
  8 shining eyes (D)
  An oklob plant (D)
  2 kobold demonologists (D)
  A demonic crawler (D)
  A hornet (D)
  A slime creature (D)
  Sigmund (D)
  2 redbacks (D)
  A yak (D)
  5 floating eyes (D)
  An ogre (D)
  A jelly (D)
  Ijyb (D)
  4 ballistomycetes (D)
36 creatures vanquished.

Vanquished Creatures (others)
  2 ballistomycete spores (D)
2 creatures vanquished.

Grand Total: 38 creatures vanquished

Notes
Turn   | Place    | Note
-------+----------+-------------------------------------------
     0 | D        | erloom the Minotaur Berserker began the quest for the Orb.
     0 | D        | Reached XP level 1. HP: 19/19 MP: 0/0
     1 | D        | Noticed Ijyb
     4 | D        | Killed Ijyb
     4 | D        | Reached skill level 6 in Fighting
     4 | D        | Reached XP level 2. HP: 30/30 MP: 1/1
    45 | D        | Noticed an ogre
    49 | D        | Killed an ogre
    49 | D        | Reached skill level 8 in Fighting
    49 | D        | Reached XP level 3. HP: 32/41 MP: 2/2
    49 | D        | Reached XP level 4. HP: 39/49 MP: 3/3
   184 | D        | Noticed Sigmund
   190 | D        | Killed Sigmund
   190 | D        | Reached ** piety under Trog
   190 | D        | Reached skill level 11 in Fighting
   190 | D        | Reached XP level 5. HP: 60/60 MP: 4/4
   190 | D        | Reached XP level 6. HP: 68/68 MP: 5/5
   219 | D        | Found a burning altar of Makhleb.
   219 | D        | Found a viscous altar of Jiyva.
   219 | D        | Found a shimmering altar of Xom.
   219 | D        | Found a corrupted altar of Lugonu.
   219 | D        | Noticed a slime creature
   230 | D        | Killed a slime creature
   230 | D        | Reached skill level 13 in Fighting
   388 | D        | Found an ornate altar of the Wu Jian Council.
   388 | D        | Found a deep blue altar of Sif Muna.
   390 | D        | Found a radiant altar of Vehumet.
   418 | D        | Noticed Sonja
   427 | D        | Killed Sonja
   427 | D        | Reached *** piety under Trog
   427 | D        | Reached skill level 17 in Fighting
   427 | D        | Reached XP level 7. HP: 34/88 MP: 6/6
   427 | D        | Reached XP level 8. HP: 36/95 MP: 7/7
   693 | D        | Found Gewiopom's Book Emporium.
   693 | D        | Found an ancient bone altar of Kikubaaqudgha.
   693 | D        | Found a hazy altar of Hepliaklqana.
   693 | D        | Found a stormy altar of Qazlal.
   693 | D        | Found a hide-covered altar of Uskayaw.
   693 | D        | Found a blossoming altar of Fedhas.
   693 | D        | Found a bloodstained altar of Trog.
   693 | D        | Found an iron altar of Okawaru.
   693 | D        | Found a basalt altar of Yredelemnul.
   693 | D        | Found a glowing golden altar of the Shining One.
   693 | D        | Found a snail-covered altar of Cheibriados.
   693 | D        | Found a sacrificial altar of Ru.
   693 | D        | Found a glowing silver altar of Zin.
   693 | D        | Found a shadowy altar of Dithmenos.
   693 | D        | Found a white marble altar of Elyvilon.
   698 | D        | Found an opulent altar of Gozag.
   699 | D        | Found a sparkling altar of Nemelex Xobeh.
   716 | D        | Found Kaamnet's Distillery.
   724 | D        | Bought a potion of heal wounds for 55 gold pieces
   724 | D        | Bought a potion of agility for 44 gold pieces
   724 | D        | Bought a potion of curing for 33 gold pieces
   793 | D        | Bought a potion of ambrosia for 88 gold pieces
   793 | D        | Bought a potion of cancellation for 88 gold pieces
  1007 | D        | Noticed a deep troll
  1015 | D        | Killed a deep troll
  1015 | D        | Reached skill level 5 in Dodging
  1037 | D        | Noticed a shining eye
  1037 | D        | Noticed a shining eye
  1037 | D        | Noticed a shining eye
  1037 | D        | Gained mutation: You are weak. (Str -2) [a shining eye]
  1041 | D        | Paralysed by a floating eye for 4 turns
  1047 | D        | Paralysed by a floating eye for 4 turns
  1056 | D        | Reached skill level 18 in Fighting
  1058 | D        | Paralysed by a floating eye for 3 turns
  1063 | D        | Reached **** piety under Trog
  1063 | D        | Reached XP level 9. HP: 70/104 MP: 8/8
  1071 | D        | Gained mutation: Your body sometimes deteriorates upon taking damage. [a shining eye]
  1072 | D        | Killed a shining eye
  1073 | D        | Gained mutation: You do not regenerate when monsters are visible. [a shining eye]
  1079 | D        | Killed a shining eye
  1084 | D        | Gained mutation: Your mind is acute. (Int +2) [a shining eye]
  1095 | D        | Killed a shining eye
  1095 | D        | Reached skill level 19 in Fighting
  1095 | D        | Reached skill level 10 in Armour
  1097 | D        | Noticed a shining eye
  1097 | D        | Noticed a shining eye
  1097 | D        | Noticed a shining eye
  1098 | D        | Noticed a shining eye
  1098 | D        | Noticed a shining eye
  1098 | D        | Gained mutation: You are very weak. (Str -4) [a shining eye]
  1099 | D        | Gained mutation: Scrolls take you a little longer to read. [a shining eye]
  1099 | D        | Gained mutation: Your magical capacity is low. (-10% MP) [a shining eye]
  1100 | D        | Gained mutation: Scrolls take you longer to read. [a shining eye]
  1103 | D        | Gained mutation: You are clumsy. (Dex -2) [a shining eye]
  1104 | D        | Paralysed by a floating eye for 3 turns
  1107 | D        | Gained mutation: Your magical capacity is very low. (-20% MP) [a shining eye]
  1111 | D        | Reached ***** piety under Trog
  1111 | D        | Gained mutation: Armour fits poorly on your strangely shaped body. [a shining eye]
  1114 | D        | Gained mutation: Your spells are a little easier to cast, but a little less powerful. [a shining eye]
  1114 | D        | Gained mutation: You tend to lose your temper in combat. [a shining eye]
  1116 | D        | Gained mutation: Your spells are easier to cast, but less powerful. [a shining eye]
  1118 | D        | Gained mutation: You occasionally shout uncontrollably at your foes. [a shining eye]
  1123 | D        | Killed a shining eye
  1125 | D        | Gained mutation: Scrolls take you much longer to read. [a shining eye]
  1127 | D        | Gained mutation: You are frail. (-10% HP) [a shining eye]
  1130 | D        | Killed a shining eye
  1130 | D        | Reached skill level 10 in Dodging
  1130 | D        | Reached XP level 10. HP: 81/103 MP: 7/7
  1134 | D        | Killed a shining eye
  1141 | D        | Lost mutation: Your mind is acute. (Int +2) [a shining eye]
  1143 | D        | Killed a shining eye
  1151 | D        | Killed a shining eye
  1160 | D        | Bought 2 potions of mutation for 176 gold pieces
  1160 | D        | Bought a potion of mutation for 88 gold pieces
  1160 | D        | Bought a potion of mutation for 88 gold pieces
  1181 | D        | Lost mutation: You tend to lose your temper in combat. [potion of mutation]
  1181 | D        | Lost mutation: Scrolls take you much longer to read. [potion of mutation]
  1181 | D        | Lost mutation: Armour fits poorly on your strangely shaped body. [potion of mutation]
  1181 | D        | Lost mutation: You are clumsy. (Dex -2) [potion of mutation]
  1181 | D        | Gained mutation: You can translocate small distances at will. [potion of mutation]
  1182 | D        | Lost mutation: You are frail. (-10% HP) [potion of mutation]
  1182 | D        | Lost mutation: Your magical capacity is very low. (-20% MP) [potion of mutation]
  1182 | D        | Lost mutation: Your spells are easier to cast, but less powerful. [potion of mutation]
  1182 | D        | Gained mutation: You have sharp fingernails. [potion of mutation]
  1183 | D        | Lost mutation: Your body sometimes deteriorates upon taking damage. [potion of mutation]
  1183 | D        | Lost mutation: Your magical capacity is low. (-10% MP) [potion of mutation]
  1183 | D        | Gained mutation: You sometimes yell uncontrollably at your foes. [potion of mutation]
  1183 | D        | Gained mutation: You are partially covered in thin metallic scales. (AC +2) [potion of mutation]
  1184 | D        | Lost mutation: Your spells are a little easier to cast, but a little less powerful. [potion of mutation]
  1184 | D        | Lost mutation: You sometimes yell uncontrollably at your foes. [potion of mutation]
  1184 | D        | Lost mutation: You are very weak. (Str -4) [potion of mutation]
  1184 | D        | Gained mutation: Your mind is acute. (Int +2) [potion of mutation]
  1186 | D        | Noticed a centaur warrior
  1192 | D        | Noticed a centaur warrior
  1201 | D        | HP: 4/117 [centaur warrior (13)]
  1205 | D        | Killed a centaur warrior
  1205 | D        | Received a gift from Trog
  1205 | D        | Reached skill level 20 in Fighting
  1207 | D        | Killed a centaur warrior
  1646 | D        | Found Taorheq's Armour Emporium.
  1691 | D        | Noticed an oklob plant
  1695 | D        | Killed an oklob plant
  1695 | D        | Reached ****** piety under Trog
  1703 | D        | Reached XP level 11. HP: 112/126 MP: 6/10
  1732 | D        | Killed an unseen horror
  1732 | D        | Received a gift from Trog
  1732 | D        | Reached skill level 21 in Fighting
  1737 | D        | Killed an unseen horror
  1781 | D        | HP: 5/190 [demonic crawler (6)]
  1782 | D        | Slain by a demonic crawler

Vault maps used:
D:        dungeon_sprint_1

Skill      XL: |  1  2  3  4  5  6  7  8  9 10 11 |
---------------+----------------------------------+-----
Fighting       | 6 8 11 17 18 19 20 21 | 21.2
Axes           | 6 8 11 | 11.0
Armour         | 7 11 14 | 14.6
Dodging        | 6 10 12 13 | 13.5

Action                   |  1- 3 |  4- 6 |  7- 9 | 10-12 || total
-------------------------+-------+-------+-------+-------++-------
Melee: Hand axe          |     4 |    21 |    81 |    31 ||   137
       Headbutt          |     1 |     5 |    29 |    18 ||    53
       Battleaxe         |       |       |       |    28 ||    28
Invok: Berserk           |     2 |     2 |     1 |     1 ||     6
  Use: Potion            |       |       |       |     8 ||     8
  Eat: Ration            |       |     1 |       |       ||     1
       Chunk             |       |       |       |     3 ||     3
Armor: Leather armour    |       |     4 |     1 |    17 ||    22
Dodge: Dodged            |     1 |    15 |     2 |    51 ||    69

Table legend:
 A = Spawn XP
 B = Non-spawn XP
 C = Spawn XP percentage of total XP
 D = Spawn monster count
 E = Non-spawn monster count
 F = Spawn count percentage of total count
 G = Total turns spent on level
                    A         B        C        D         E        F      G
               +---------+---------+-------+---------+---------+-------+---------
         Total |       0 |   13164 |   0.0 |       0 |      32 |   0.0 |  1782
               +---------+---------+-------+---------+---------+-------+---------
             D |       0 |   13164 |   0.0 |       0 |      32 |   0.0 |  1782
               +---------+---------+-------+---------+---------+-------+---------
